Map: Forêt cybernétique EC

Players

Sorandom

  • Race: Zerg Zerg
  • League: Diamond
  • Spawn Location: 5:00

Kanto - Winner!

  • Race: Terran Terran
  • League: Diamond
  • Spawn Location: 11:00

VOD

Have the link to the VOD?

Description

Time

  • Played on: April 4, 2019, 6:34 p.m.
  • Length: 13:26
Show
View Real Time Build Order
Export as new Build Order

Sorandom Zerg 

Build Orders: Pool First 

Get SALT Encoding   

  12  0:03  Drone  
  13  0:12  Overlord  
  13  0:18  Drone  
  14  0:31  Drone x2  
  16  0:37  Drone  
  17  0:48  Spawning Pool  
  17  0:49  Drone  
  17  0:52  Extractor  
  16  0:58  Drone  
  17  1:14  Drone  
  18  1:29  Hatchery, Drone  
  18  1:36  Queen  
  20  1:43  Zergling x2  
  20  1:44  Zergling x2  
  22  1:51  Overlord  
  22  2:16  Drone  
  22  2:17  Drone  
  22  2:22  Metabolic Boost  
  24  2:26  Drone  
  24  2:27  Queen  
  24  2:28  Baneling Nest  
  26  2:34  Drone  
  26  2:46  Queen  
  28  2:51  Drone x2  
  28  2:52  Drone  
  28  2:58  Overlord  
  31  3:04  Drone  
  32  3:14  Drone  
  32  3:15  Drone x3  
  36  3:25  Lair  
  35  3:34  Roach Warren  
  35  3:37  Evolution Chamber  
  35  3:40  Drone x2  
  35  3:41  Extractor, Drone  
  35  3:51  Drone x4  
  39  3:57  Zergling x2  
  39  3:58  Zergling x4  
  42  4:05  Zergling x4  
  42  4:12  Zergling x4  
  44  4:22  Overlord x4  
  42  4:29  Overlord  
  41  4:39  Drone  
  41  4:40  Drone x3  
  45  4:51  Drone x2  
  47  4:53  Extractor  
  47  4:55  Extractor  
  47  4:56  Hatchery  
  47  4:57  Drone x2  
  46  5:08  Roach x3  
  46  5:12  Drone  
  53  5:25  Baneling x2  
  53  5:26  Zergling x2  
  53  5:27  Zergling x8  
  57  5:30  Zergling x2  
  57  5:44  Spire  
  57  5:46  Zergling x10  
  53  5:57  Drone x2  
  53  6:02  Spore Crawler  
  54  6:04  Spine Crawler  
  54  6:06  Baneling x11  
  54  6:07  Baneling x3  
  54  6:08  Zergling x2  
  54  6:09  Zergling x8  
  58  6:12  Drone  
  58  6:13  Drone  
  60  6:20  Drone  
  60  6:21  Drone x2  
  54  6:38  Zergling x2  
  54  6:39  Zergling x12  
  49  7:00  Zergling x14  
  54  7:05  Zergling x8  
  54  7:07  Baneling x7  
  54  7:08  Baneling  
  58  7:12  Mutalisk  
  60  7:21  Evolution Chamber, Drone  
  60  7:22  Drone  
  61  7:23  Evolution Chamber  
  61  7:28  Drone x2  
  62  7:34  Zergling x4  
  62  7:35  Zergling x4  
  66  7:41  Zergling x6  
  66  7:43  Baneling x2  
  69  7:45  Baneling  
  69  7:48  Mutalisk  
  69  7:51  Zergling x2  
  72  8:03  Drone  
  72  8:04  Drone x6  
  79  8:12  Zerg Melee Weapons Level 1  
  78  8:22  Mutalisk x2  
  78  8:24  Drone  
  78  8:25  Drone  
  84  8:28  Spore Crawler  
  84  8:33  Zerg Ground Armor Level 1, Overlord  
  82  8:42  Queen x2  
  82  8:45  Drone x3  
  79  8:55  Drone x5  
  79  9:06  Extractor  
  78  9:12  Drone x2  
  78  9:13  Drone  
  78  9:14  Drone  
  82  9:19  Hatchery, Queen  
  82  9:24  Drone x3  
  86  9:33  Extractor, Drone x3  
  88  9:47  Mutalisk x4  
  88  9:50  Overlord x2  
  88  9:51  Overlord  
  96  9:57  Infestation Pit  
  96  10:07  Drone x2  
  96  10:10  Zergling x6  
  96  10:11  Zergling x12  
  106  10:17  Overseer  
  106  10:24  Drone x6  
  112  10:30  Drone  
  112  10:32  Drone x2  
  115  10:40  Drone x4  
  115  10:41  Drone  
  120  10:47  Spore Crawler  
  120  10:48  Mutalisk x4  
  127  11:05  Overlord x6  
  127  11:18  Baneling  
  127  11:20  Baneling x9  
  127  11:21  Baneling x2  
  127  11:22  Baneling x2  
  127  11:23  Centrifical Hooks  
  127  11:25  Mutalisk x2  
  127  11:27  Drone x6  
  127  11:29  Extractor  
  127  11:31  Extractor  
  135  11:33  Spine Crawler  
  135  11:35  Overseer  
  135  11:36  Zergling x6  
  135  11:37  Zergling x2  
  138  11:47  Zergling x2  
  138  11:48  Zergling x10  
  144  11:54  Zergling x2  
  144  11:59  Mutalisk x3  
  144  12:00  Mutalisk  
  114  12:17  Zergling x8  
  94  12:23  Zergling x8  
  93  12:30  Mutalisk x2  
  93  12:32  Zergling x4  
  99  12:54  Baneling x4  
  99  12:55  Zergling x16  
  107  12:58  Hatchery  
  107  13:00  Zergling x4  
  107  13:05  Zergling x10  
Show
View Real Time Build Order
Export as new Build Order

Kanto Terran - Winner!

Build Orders: Gas First Reaper Expand 

Get SALT Encoding   

  12  0:00  SCV  
  13  0:12  SCV  
  14  0:20  Supply Depot  
  14  0:25  SCV  
  15  0:31  Refinery  
  15  0:41  SCV  
  16  0:50  Barracks  
  16  0:54  SCV  
  17  1:06  SCV  
  18  1:19  SCV  
  19  1:37  Orbital Command, Reaper  
  20  1:50  Command Center  
  20  2:00  Supply Depot  
  20  2:07  Factory  
  20  2:14  Barracks Reactor  
  19  2:24  SCV  
  20  2:37  SCV  
  21  2:46  Refinery  
  21  2:49  SCV  
  21  3:01  SCV  
  21  3:02  Hellion x2  
  26  3:07  Barracks Tech Lab  
  26  3:12  Starport  
  26  3:13  SCV  
  27  3:24  Hellion x2  
  31  3:33  Supply Depot  
  31  3:42  SCV  
  31  3:45  Widow Mine  
  34  3:51  Medivac  
  34  3:54  SCV  
  37  3:56  Bunker  
  37  4:06  SCV  
  38  4:14  Widow Mine  
  38  4:16  SCV  
  39  4:18  SCV  
  39  4:21  Medivac  
  41  4:32  SCV  
  41  4:33  Orbital Command  
  41  4:37  Barracks Tech Lab  
  40  4:39  Liberator  
  40  4:44  SCV  
  39  4:48  Barracks  
  39  4:49  Barracks  
  39  4:52  Supply Depot  
  37  4:58  SCV  
  41  5:03  Marine  
  42  5:09  SCV  
  42  5:10  SCV  
  44  5:21  SCV, Marine  
  45  5:35  SCV x2  
  47  5:39  Marine  
  48  5:47  SCV  
  48  5:51  SCV  
  48  5:52  Marine x2  
  48  5:55  Siege Tank  
  48  5:56  Marine  
  53  5:58  Stimpack  
  51  6:06  SCV  
  51  6:07  Marine  
  51  6:10  SCV, Marine x2  
  56  6:14  Marine  
  57  6:26  Engineering Bay  
  57  6:27  Siege Tank  
  57  6:30  Engineering Bay  
  57  6:32  Marine  
  51  6:37  SCV  
  41  6:42  Marine  
  41  6:49  SCV  
  41  6:51  Marine x3  
  44  7:00  SCV, Marine  
  46  7:07  Supply Depot  
  46  7:12  Engineering Bay  
  46  7:28  Marine x2  
  46  7:29  SCV x2  
  50  7:31  Supply Depot  
  50  7:33  Terran Infantry Weapons Level 1  
  50  7:39  Bunker  
  50  7:41  Terran Infantry Armor Level 1, SCV x2  
  52  7:53  SCV x2  
  52  7:55  Marine x2  
  52  7:56  Marine  
  57  8:05  SCV x2  
  59  8:10  Combat Shield  
  59  8:11  Marine  
  60  8:13  Supply Depot, Marine  
  60  8:15  Supply Depot, Marine  
  62  8:28  Refinery  
  62  8:31  Armory  
  62  8:34  SCV x2, Marine x4  
  68  8:47  SCV x2  
  70  8:52  Marine x4  
  68  8:57  Missile Turret  
  68  8:58  Missile Turret  
  68  8:59  SCV x2  
  66  9:04  Missile Turret  
  66  9:06  Missile Turret  
  66  9:10  Medivac, Marine x4  
  66  9:11  SCV x2  
  74  9:22  Terran Vehicle Weapons Level 1  
  74  9:23  SCV x2  
  76  9:28  Marine  
  76  9:29  Marine  
  78  9:31  Barracks Reactor  
  78  9:33  Supply Depot  
  78  9:37  Marine  
  78  9:38  SCV  
  80  9:39  Terran Infantry Weapons Level 2  
  80  9:45  Marine  
  80  9:47  Marine  
  80  9:49  SCV  
  80  9:50  SCV  
  80  9:51  Terran Infantry Armor Level 2  
  84  9:55  Marine  
  85  10:03  Supply Depot, Marine  
  85  10:05  Starport Reactor, Marine  
  87  10:07  SCV  
  87  10:10  Command Center  
  87  10:13  Marine  
  89  10:20  SCV x2  
  91  10:21  Marine  
  91  10:23  Marine  
  92  10:29  Siege Tank  
  92  10:30  Marine x2  
  92  10:31  Concussive Shells  
  92  10:32  SCV  
  92  10:33  Marauder  
  100  10:39  Marine  
  100  10:40  Marine  
  102  10:48  Supply Depot x3  
  102  10:57  Marauder  
  102  11:03  SCV  
  99  11:07  Missile Turret  
  98  11:13  Marine x2  
  98  11:14  Siege Tank  
  98  11:17  SCV  
  100  11:23  Medivac  
  102  11:29  Medivac  
  104  11:42  Marauder  
  107  11:47  SCV  
  107  11:49  Refinery  
  107  11:53  Marine x2  
  109  11:54  Marine x2  
  109  11:57  Missile Turret  
  111  12:03  Marauder  
  106  12:22  Marine x4  
  75  12:24  Marauder  
  75  12:25  Siege Tank  
  80  12:40  Marine x4  
  84  12:45  Marine  
  85  12:58  Marine x4  
  86  13:03  Marine  
Tags
 
Add a new tag
Caveats
  • Supply blocks, unpowered buildings, or Contaminate may cause inaccurate times.
  • Supply counts are checked every 10 seconds.